| TOP OF THE 1ST |
|
Mississippi State University Bulldogs batting - Pitching for Louisiana State University Tigers : RHP Sal Ganzalez
|
|
Pitching: RHP Sal Ganzalez
|
|
|
Batting: RHB Freddie Kite
|
0-0: Called Strike 0-1: Ball 1-1: Ball 2-1: Ground out 6-3 (Groundball, 6M, EV 98.8 MPH)
|
|
Batting: RHB Logan Strassburg
|
0-0: Called Strike 0-1: Ball 1-1: Fly out, F9 (Flyball, 9, EV 93.8 MPH)
|
|
Batting: RHB Benito Gonzales
|
0-0: Ball 1-0: Foul Ball, location: 2F 1-1: Foul Ball, location: 2F 1-2: Foul Ball, location: 2F 1-2: Ball 2-2: Ball 3-2: Strikes out looking
|
| Top of the 1st over - 0 runs, 0 hits, 0 errors, 0 left on base; Mississippi State University 0 - Louisiana State University 0 |
| BOTTOM OF THE 1ST |
|
Louisiana State University Tigers batting - Pitching for Mississippi State University Bulldogs : RHP Gary Gamble
|
|
Pitching: RHP Gary Gamble
|
|
|
Batting: LHB Elijah Mallandain
|
0-0: Called Strike 0-1: Ball 1-1: Fly out, F8 (Flyball, 8RXD, EV 101.9 MPH)
|
|
Batting: RHB Winston Vasquez
|
0-0: Ground out 4-3 (Groundball, 4, EV 106.9 MPH)
|
|
Batting: RHB Stewart Walker
|
0-0: Ball 1-0: Called Strike 1-1: Called Strike 1-2: Foul Ball, location: 2F 1-2: SOLO HOME RUN (Flyball, 89XD, EV 103.8 MPH), Distance : 410 ft
|
|
Batting: RHB Pete Roberts
|
0-0: Called Strike 0-1: Ball 1-1: Ball 2-1: Foul Ball, location: 2F 2-2: Foul Ball, location: 2F 2-2: Foul Ball, location: 2F 2-2: Strikes out swinging
|
| Bottom of the 1st over - 1 run, 1 hit, 0 errors, 0 left on base; Mississippi State University 0 - Louisiana State University 1 |
| TOP OF THE 2ND |
|
Mississippi State University Bulldogs batting - Pitching for Louisiana State University Tigers : RHP Sal Ganzalez
|
|
Batting: RHB Cody Ammann
|
0-0: Ball 1-0: Swinging Strike 1-1: Foul Ball, location: 2F 1-2: DOUBLE (Line Drive, 9LS, EV 92.5 MPH)
|
|
Batting: RHB Josh Stene
|
0-0: Ball 1-0: Ball 2-0: SINGLE (Line Drive, 78S, EV 108.8 MPH) Cody Ammann to third
|
|
Batting: RHB Eric Riley
|
0-0: Called Strike 0-1: Ball 1-1: Foul Ball, location: 2F 1-2: Foul Ball, location: 2F 1-2: Ball 2-2: Fly out, F9 (Flyball, 89S, EV 79.4 MPH)
|
|
Batting: RHB Karl Lukasiewicz
|
0-0: Ball 1-0: Called Strike 1-1: Grounds into double play, 5-4-3 (Groundball, 56, EV 87.5 MPH)
|
| Top of the 2nd over - 0 runs, 2 hits, 0 errors, 1 left on base; Mississippi State University 0 - Louisiana State University 1 |
| BOTTOM OF THE 2ND |
|
Louisiana State University Tigers batting - Pitching for Mississippi State University Bulldogs : RHP Gary Gamble
|
|
Batting: LHB Oscar Rivera
|
0-0: Foul Ball, location: 2F 0-1: Ball 1-1: Ball 2-1: Fly out, F7 (Flyball, 78M, EV 79.4 MPH)
|
|
Batting: RHB Keith Ashton
|
0-0: Called Strike 0-1: Ball 1-1: Ball 2-1: Ball 3-1: SINGLE (Line Drive, 7S, EV 105.0 MPH)
|
|
Batting: LHB Manny Grado
|
0-0: Ball 1-0: Swinging Strike 1-1: Ball 2-1: Reached on error, E6 (Groundball, 6, EV 77.5 MPH) Keith Ashton to second
|
|
Batting: SHB Paul Blaylock
|
0-0: Called Strike 0-1: Foul Ball, location: 2F 0-2: Strikes out swinging
|
|
Batting: RHB David Dye
|
0-0: Foul Ball, location: 2F 0-1: Swinging Strike 0-2: Fly out, F8 (Flyball, 8LM, EV 90.0 MPH)
|
| Bottom of the 2nd over - 0 runs, 1 hit, 1 error, 2 left on base; Mississippi State University 0 - Louisiana State University 1 |
| TOP OF THE 3RD |
|
Mississippi State University Bulldogs batting - Pitching for Louisiana State University Tigers : RHP Sal Ganzalez
|
|
Batting: RHB Oscar Vargas
|
0-0: Ball 1-0: Ball 2-0: Ball 3-0: Called Strike 3-1: Swinging Strike 3-2: Base on Balls
|
|
Batting: LHB Tom Ploughman
|
0-0: Ball 1-0: Ball 2-0: Fielders Choice at 2nd, 4-6 (Groundball, 34, EV 100.6 MPH)
|
|
Batting: RHB Freddie Kite
|
0-0: Reached on error, E4 (Groundball, 13, EV 76.9 MPH) Tom Ploughman to second
|
|
Batting: RHB Logan Strassburg
|
0-0: Fielders Choice at 2nd, 6-4 (Groundball, 6, EV 85.0 MPH) Tom Ploughman to third
|
|
Batting: RHB Benito Gonzales
|
0-0: Called Strike 0-1: TRIPLE (Line Drive, 8LXD, EV 110.6 MPH) Tom Ploughman scores Logan Strassburg scores
|
|
Batting: RHB Cody Ammann
|
0-0: Called Strike 0-1: Ball 1-1: Swinging Strike 1-2: Ball 2-2: Strikes out swinging
|
| Top of the 3rd over - 2 runs, 1 hit, 1 error, 1 left on base; Mississippi State University 2 - Louisiana State University 1 |
| BOTTOM OF THE 3RD |
|
Louisiana State University Tigers batting - Pitching for Mississippi State University Bulldogs : RHP Gary Gamble
|
|
Batting: LHB Elijah Mallandain
|
0-0: Swinging Strike 0-1: Ball 1-1: Foul Ball, location: 2F 1-2: Foul Ball, location: 2F 1-2: Strikes out swinging
|
|
Batting: RHB Winston Vasquez
|
0-0: Ball 1-0: DOUBLE (Groundball, 5L, EV 100.6 MPH)
|
|
Batting: RHB Stewart Walker
|
0-0: Ball 1-0: Swinging Strike 1-1: Swinging Strike 1-2: Ball 2-2: Foul Ball, location: 2F 2-2: Foul Ball, location: 2F 2-2: Foul Ball, location: 2F 2-2: Strikes out swinging
|
|
Batting: RHB Pete Roberts
|
0-0: Called Strike 0-1: Ball 1-1: Foul Ball, location: 2F 1-2: Ball 2-2: Fly out, F4 (Line Drive, 4, EV 68.8 MPH)
|
| Bottom of the 3rd over - 0 runs, 1 hit, 0 errors, 1 left on base; Mississippi State University 2 - Louisiana State University 1 |
| TOP OF THE 4TH |
|
Mississippi State University Bulldogs batting - Pitching for Louisiana State University Tigers : RHP Sal Ganzalez
|
|
Batting: RHB Josh Stene
|
0-0: Ground out 5-3 (Groundball, 5S, EV 88.8 MPH)
|
|
Batting: RHB Eric Riley
|
0-0: Ball 1-0: Called Strike 1-1: Foul Ball, location: 2F 1-2: Strikes out looking
|
|
Batting: RHB Karl Lukasiewicz
|
0-0: Ball 1-0: Swinging Strike 1-1: Ball 2-1: Swinging Strike 2-2: Ball 3-2: Base on Balls
|
|
Batting: RHB Oscar Vargas
|
0-0: Foul Ball, location: 2F 0-1: Ball 1-1: Ball 2-1: Foul Ball, location: 2F 2-2: Foul Ball, location: 2F 2-2: Foul Ball, location: 2F 2-2: Ground out U3 (Groundball, 3, EV 90.0 MPH)
|
| Top of the 4th over - 0 runs, 0 hits, 0 errors, 1 left on base; Mississippi State University 2 - Louisiana State University 1 |
| BOTTOM OF THE 4TH |
|
Louisiana State University Tigers batting - Pitching for Mississippi State University Bulldogs : RHP Gary Gamble
|
|
Batting: LHB Oscar Rivera
|
0-0: Ball 1-0: Ball 2-0: Foul Ball, location: 2F 2-1: Called Strike 2-2: Fly out, F8 (Flyball, 8LD, EV 101.9 MPH)
|
|
Batting: RHB Keith Ashton
|
0-0: Ball 1-0: Ball 2-0: DOUBLE (Line Drive, 5D, EV 110.6 MPH)
|
|
Batting: LHB Manny Grado
|
0-0: Called Strike 0-1: Ball 1-1: Foul Ball, location: 2F 1-2: Foul Ball, location: 2F 1-2: Foul Ball, location: 2F 1-2: Ball 2-2: Ground out U3 (Groundball, 34S, EV 84.4 MPH) Keith Ashton to third
|
|
Batting: SHB Paul Blaylock
|
0-0: Ball 1-0: Ball 2-0: Called Strike 2-1: SINGLE (Line Drive, 4D, EV 100.6 MPH) Keith Ashton scores
|
|
Batting: RHB David Dye
|
0-0: Ball 1-0: Ball 2-0: SINGLE (Groundball, 6MD, EV 95.6 MPH) Paul Blaylock to second
|
|
Pitching: RHP Esteban Vidal
|
|
|
Batting: LHB Elijah Mallandain
|
0-0: Ball 1-0: Fielders Choice at 2nd, 6-4 (Groundball, 6, EV 90.0 MPH)
|
| Bottom of the 4th over - 1 run, 3 hits, 0 errors, 2 left on base; Mississippi State University 2 - Louisiana State University 2 |
| TOP OF THE 5TH |
|
Mississippi State University Bulldogs batting - Pitching for Louisiana State University Tigers : RHP Sal Ganzalez
|
|
Batting: LHB Tom Ploughman
|
0-0: Called Strike 0-1: Ball 1-1: Ball 2-1: Foul Ball, location: 2F 2-2: Strikes out swinging
|
|
Batting: RHB Freddie Kite
|
0-0: Ball 1-0: Ball 2-0: Called Strike 2-1: Ground out 5-3 (Groundball, 5, EV 98.1 MPH)
|
|
Batting: RHB Logan Strassburg
|
0-0: Ball 1-0: SINGLE (Groundball, 56D, EV 110.6 MPH)
|
|
Batting: RHB Benito Gonzales
|
0-0: Ball Logan Strassburg is caught stealing 2nd base 2-4
|
| Top of the 5th over - 0 runs, 1 hit, 0 errors, 0 left on base; Mississippi State University 2 - Louisiana State University 2 |
| BOTTOM OF THE 5TH |
|
Louisiana State University Tigers batting - Pitching for Mississippi State University Bulldogs : RHP Esteban Vidal
|
|
Batting: RHB Winston Vasquez
|
0-0: Ball 1-0: Ball 2-0: Ground out 5-3 (Groundball, 5S, EV 88.8 MPH)
|
|
Batting: RHB Stewart Walker
|
0-0: Ball 1-0: Foul Ball, location: 2F 1-1: Ball 2-1: Foul Ball, location: 2F 2-2: Ground out 4-3 (Groundball, 34, EV 87.5 MPH)
|
|
Batting: RHB Pete Roberts
|
0-0: Ball 1-0: Foul Ball, location: 2F 1-1: SINGLE (Groundball, 6MD, EV 95.6 MPH)
|
|
Batting: LHB Oscar Rivera
|
0-0: Ground out U3 (Groundball, 3, EV 82.5 MPH)
|
| Bottom of the 5th over - 0 runs, 1 hit, 0 errors, 1 left on base; Mississippi State University 2 - Louisiana State University 2 |
| TOP OF THE 6TH |
|
Mississippi State University Bulldogs batting - Pitching for Louisiana State University Tigers : RHP Sal Ganzalez
|
|
Batting: RHB Benito Gonzales
|
0-0: Foul Ball, location: 2F 0-1: Ground out 5-3 (Groundball, 56, EV 85.0 MPH)
|
|
Batting: RHB Cody Ammann
|
0-0: Ball 1-0: Ball 2-0: Called Strike 2-1: Ball 3-1: Foul Ball, location: 2F 3-2: Ground out 4-3 (Groundball, 4M, EV 106.2 MPH)
|
|
Pitching: RHP Rogelio Rivera
|
|
|
Batting: RHB Josh Stene
|
0-0: Ball 1-0: Ball 2-0: Ball 3-0: Base on Balls
|
|
Batting: RHB Eric Riley
|
0-0: Ball 1-0: Called Strike 1-1: Ball 2-1: Fielders Choice at 2nd, 6-4 (Groundball, 6, EV 100.0 MPH)
|
| Top of the 6th over - 0 runs, 0 hits, 0 errors, 1 left on base; Mississippi State University 2 - Louisiana State University 2 |
| BOTTOM OF THE 6TH |
|
Louisiana State University Tigers batting - Pitching for Mississippi State University Bulldogs : RHP Esteban Vidal
|
|
Batting: RHB Keith Ashton
|
0-0: Ground out 6-3 (Groundball, 6, EV 92.5 MPH)
|
|
Batting: LHB Manny Grado
|
0-0: Ball 1-0: Ball 2-0: Called Strike 2-1: TRIPLE (Line Drive, 78XD, EV 105.6 MPH)
|
|
Batting: SHB Paul Blaylock
|
0-0: Foul Ball, location: 2F 0-1: Ball 1-1: Ball 2-1: DOUBLE (Line Drive, 78XD, EV 111.9 MPH) Manny Grado scores
|
|
Batting: RHB David Dye
|
0-0: Called Strike 0-1: Swinging Strike 0-2: Ball 1-2: DOUBLE (Line Drive, 89D, EV 108.8 MPH) Paul Blaylock scores
|
|
Pinch Runner at 2nd Brian Caruso:
|
|
|
Batting: LHB Elijah Mallandain
|
0-0: Foul Ball, location: 2F 0-1: Fly out, F2 (Popup, 23F, EV 90.6 MPH)
|
|
Batting: RHB Winston Vasquez
|
0-0: Ball 1-0: Ball 2-0: Ball 3-0: Called Strike 3-1: Base on Balls
|
|
Batting: RHB Stewart Walker
|
0-0: Called Strike 0-1: Ball 1-1: Ball 2-1: Ball 3-1: Base on Balls Brian Caruso to third Winston Vasquez to second
|
|
Pitching: LHP Tony Herrera
|
|
|
Batting: RHB Pete Roberts
|
0-0: Called Strike 0-1: Ball 1-1: Ball 2-1: Called Strike 2-2: Ball 3-2: Foul Ball, location: 2F 3-2: Ground out 4-3 (Groundball, 4, EV 81.9 MPH)
|
| Bottom of the 6th over - 2 runs, 3 hits, 0 errors, 3 left on base; Mississippi State University 2 - Louisiana State University 4 |
| TOP OF THE 7TH |
|
Mississippi State University Bulldogs batting - Pitching for Louisiana State University Tigers : RHP Rogelio Rivera
|
|
Batting: RHB Karl Lukasiewicz
|
0-0: Called Strike 0-1: Called Strike 0-2: Strikes out swinging
|
|
Batting: RHB Oscar Vargas
|
0-0: Foul Ball, location: 2F 0-1: Foul Ball, location: 2F 0-2: Foul Ball, location: 2F 0-2: Strikes out swinging
|
|
Batting: LHB Tom Ploughman
|
0-0: Ball 1-0: Foul Ball, location: 2F 1-1: SINGLE (Groundball, 4D, EV 97.5 MPH)
|
|
Batting: RHB Freddie Kite
|
0-0: Ball 1-0: Foul Ball, location: 2F 1-1: Ball 2-1: Fielders Choice at 2nd, 6-4 (Groundball, 6, EV 81.9 MPH)
|
| Top of the 7th over - 0 runs, 1 hit, 0 errors, 1 left on base; Mississippi State University 2 - Louisiana State University 4 |
| BOTTOM OF THE 7TH |
|
Louisiana State University Tigers batting - Pitching for Mississippi State University Bulldogs : LHP Tony Herrera
|
|
Batting: LHB Oscar Rivera
|
0-0: Swinging Strike 0-1: Ball 1-1: Ball 2-1: Ball 3-1: Base on Balls
|
|
Batting: RHB Keith Ashton
|
0-0: Ball 1-0: Swinging Strike 1-1: SINGLE (Line Drive, 7S, EV 91.2 MPH) Oscar Rivera to second
|
|
Batting: LHB Manny Grado
|
0-0: Ball 1-0: Fly out, F8 (Flyball, 78D, EV 91.2 MPH)
|
|
Batting: SHB Paul Blaylock
|
0-0: Foul Ball, location: 2F 0-1: Ball 1-1: Called Strike 1-2: Ball 2-2: Ball 3-2: Grounds into double play, 4-6-3 (Groundball, 4, EV 79.4 MPH)
|
| Bottom of the 7th over - 0 runs, 1 hit, 0 errors, 1 left on base; Mississippi State University 2 - Louisiana State University 4 |
| TOP OF THE 8TH |
|
Mississippi State University Bulldogs batting - Pitching for Louisiana State University Tigers : RHP Rogelio Rivera
|
|
Pitching: RHP D.J. Ganz
|
|
|
Batting: RHB Logan Strassburg
|
0-0: Called Strike 0-1: Ball 1-1: Ball 2-1: Ball 3-1: Swinging Strike 3-2: Strikes out looking
|
|
Batting: RHB Benito Gonzales
|
0-0: SINGLE (Line Drive, 89M, EV 86.9 MPH)
|
|
Batting: RHB Cody Ammann
|
0-0: Fly out, F9 (Flyball, 9, EV 91.9 MPH)
|
|
Pitching: LHP Clyde Fisher
|
|
|
Batting: RHB Josh Stene
|
0-0: Foul Ball, location: 2F 0-1: Ball 1-1: Swinging Strike 1-2: Ball 2-2: Strikes out swinging
|
| Top of the 8th over - 0 runs, 1 hit, 0 errors, 1 left on base; Mississippi State University 2 - Louisiana State University 4 |
| BOTTOM OF THE 8TH |
|
Louisiana State University Tigers batting - Pitching for Mississippi State University Bulldogs : LHP Tony Herrera
|
|
Pitching: RHP Randy Richardson
|
|
|
Batting: SHB Brian Caruso
|
0-0: Ball 1-0: Ball 2-0: Ball 3-0: Foul Ball, location: 2F 3-1: Called Strike 3-2: Strikes out looking
|
|
Batting: LHB Elijah Mallandain
|
0-0: Ball 1-0: Swinging Strike 1-1: Ball 2-1: Foul Ball, location: 2F 2-2: Strikes out looking
|
|
Batting: RHB Winston Vasquez
|
0-0: Ground out 6-3 (Groundball, 6, EV 101.9 MPH)
|
| Bottom of the 8th over - 0 runs, 0 hits, 0 errors, 0 left on base; Mississippi State University 2 - Louisiana State University 4 |
| TOP OF THE 9TH |
|
Mississippi State University Bulldogs batting - Pitching for Louisiana State University Tigers : LHP Clyde Fisher
|
|
Batting: RHB Eric Riley
|
0-0: Ball 1-0: Swinging Strike 1-1: Called Strike 1-2: Ball 2-2: Foul Ball, location: 2F 2-2: Strikes out swinging
|
|
Batting: RHB Karl Lukasiewicz
|
0-0: Called Strike 0-1: Foul Ball, location: 2F 0-2: Ball 1-2: Ball 2-2: Ground out 3-1 (Groundball, 34S, EV 83.8 MPH)
|
|
Batting: RHB Oscar Vargas
|
0-0: Swinging Strike 0-1: Swinging Strike 0-2: Foul Ball, location: 2F 0-2: DOUBLE (Flyball, 78D, EV 103.8 MPH)
|
|
Pinch Hitting: RHB Rich Martinez
|
0-0: Swinging Strike 0-1: SINGLE (Groundball, 56D, EV 110.0 MPH) Oscar Vargas to third
|
|
Batting: RHB Freddie Kite
|
0-0: Foul Ball, location: 2F 0-1: Fly out, F5 (Popup, 5F, EV 61.9 MPH)
|
| Top of the 9th over - 0 runs, 2 hits, 0 errors, 2 left on base; Mississippi State University 2 - Louisiana State University 4 |
|